 Dungeon Crawl Stone Soup version 0.27.1-1-g398f81649c (webtiles) character file.

Game seed: 1678410903022644522

1333 Elvor the Sneak (level 8, -9/49 HPs)
             Began as a Gargoyle Delver on Sept 20, 2021.
             Mangled by Menkaure (16 damage)
             ... on level 5 of the Dungeon.
             The game lasted 00:49:37 (5498 turns).

Elvor the Sneak (Gargoyle Delver)                   Turns: 5498, Time: 00:49:37

Health: -9/49      AC: 14    Str: 19    XL:     8   Next: 61%
Magic:  10/10      EV: 12    Int: 12    God:
Gold:   179        SH:  0    Dex: 11    Spells: 9/10 levels left

rFire    . . .     SeeInvis .   k - +0 whip (freeze)
rCold    + . .     Faith    .   (no shield)
rNeg     + . .     Spirit   .   b - +0 leather armour
rPois    ∞         Reflect  .   (no helmet)
rElec    +         Harm     .   n - +0 cloak
rCorr    .         Rampage  .   (no gloves)
Will     +....                  (no boots)
Stlth    +++.......             (no amulet)
HPRegen  0.16/turn              h - ring "Raguc" {rC+ Will+ AC+4 Str+2}
MPRegen  0.12/turn              j - ring of flight

@: flying
A: sickness immunity, AC +5, negative energy resistance 1, electricity
resistance, torment resistance 1, petrification resistance, mutation resistance
1, sense surroundings 1
a: no special abilities


You were on level 5 of the Dungeon.
You visited 1 branch of the dungeon, and saw 5 of its levels.
You also visited: Sewer.

You collected 179 gold pieces.

Inventory:

Hand Weapons
 k - a +0 whip of freezing (weapon)
 v - a +0 hunting sling
 D - a +1 antimagic whip
Missiles
 i - 17 sling bullets
 l - 139 stones (quivered)
 w - 5 boomerangs
 C - 7 datura-tipped darts
Armour
 b - a +0 leather armour (worn)
 n - a +0 cloak (worn)
Jewellery
 h - the ring "Raguc" (left hand) {rC+ Will+ AC+4 Str+2}
   (You found it on level 5 of the Dungeon)

   [ring of protection]

   AC:        It affects your AC (+4).
   Str:       It affects your strength (+2).
   rC:        It protects you from cold.
   Will:      It increases your willpower.
 j - a ring of flight (right hand)
Wands
 g - a wand of digging (3)
Scrolls
 c - a scroll of fog
 d - a scroll of brand weapon {unknown}
 e - 2 scrolls of fear
 q - a scroll of blinking {unknown}
 s - a scroll of magic mapping
 t - 2 scrolls of enchant armour {unknown}
 u - 3 scrolls of teleportation
 y - 2 scrolls of identify {unknown}
 A - 2 scrolls of immolation
 B - 2 scrolls of enchant weapon {unknown}
Potions
 f - a potion of haste
 m - a potion of resistance {unknown}
 o - a potion of invisibility
 p - a potion of cancellation
 r - a potion of experience {unknown}
 x - a potion of attraction {unknown}
 z - a potion of mutation


   Skills:
 + Level 5.0 Fighting
 + Level 5.6 Maces & Flails
 + Level 2.1 Throwing
 + Level 4.2 Armour
 + Level 3.6 Dodging
 + Level 6.8 Stealth
 + Level 1.8 Spellcasting
 + Level 2.2 Conjurations


You had 9 spell levels left.
You knew the following spells:

 Your Spells              Type           Power      Damage    Failure   Level
a - Magic Dart            Conj           24%        1d4       13%         1

Your spell library contained the following spells:

 Spells                   Type           Power      Damage    Failure   Level
 Searing Ray              Conj           12%        3d3       19%         2
 Static Discharge         Conj/Air       3%         N/A       30%         2
 Summon Small Mammal      Summ           4%         N/A       32%         1
 Wereblood                Tmut           1%         N/A       43%         2
 Call Canine Familiar     Summ           1%         N/A       67%         3
 Summon Guardian Golem    Hex/Summ       1%         N/A       67%         3
 Fulminant Prism          Conj/Hex       1%         3d6       89%         4
 Sticky Flame             Conj/Fire      3%         2d3       89%         4
 Dispel Undead            Necr           1%         3d6       97%         4
 Lightning Bolt           Conj/Air       1%         1d12      99%         5
 Summon Hydra             Summ           0%         N/A       100%        7
 Maxwell's Capacitive Co  Air            0%         ∞         100%        8
 Sublimation of Blood     Necr           Unusable   N/A       N/A         2

Dungeon Overview and Level Annotations

Branches:
Dungeon (5/15)              Sewer (visited)
 Temple: D:4-7

Altars:
Kikubaaqudgha
Ru
Uskayaw

Shops:
D:5 :[[

Annotations:
D:5 Menkaure


Innate Abilities, Weirdness & Mutations

You are immune to sickness and miasma.
Your stone body is resilient. (AC +5)
You are immune to poison.
You resist negative energy. (rN+)
You are resistant to electric shocks. (rElec)
You are resistant to unholy torment.
You are immune to petrification.
You are somewhat resistant to further mutation.
You passively map a small area around you.


Message History

Aim: Menkaure (100% to hit)
The magic dart hits Menkaure.
Menkaure is lightly damaged.
Menkaure grins.
Menkaure barely misses you.
You hit Menkaure but do no damage.
Menkaure is lightly damaged.
You barely miss Menkaure.
Menkaure is lightly damaged.
Menkaure hits you!
You hit Menkaure. You freeze Menkaure.
Menkaure is heavily damaged.
Menkaure gestures wildly while chanting.
Menkaure seems to speed up.
You barely miss Menkaure.
Menkaure is heavily damaged.
Menkaure calls on the powers of darkness!
Your body is wracked with pain!
You hit Menkaure. You freeze Menkaure.
Menkaure is severely damaged.
Menkaure closely misses you.
You barely miss Menkaure.
Menkaure is severely damaged.
Menkaure hits you but does no damage.
You hit Menkaure but do no damage.
Menkaure is severely damaged.
Menkaure casts a spell at you. Pain shoots through your body!
You barely miss Menkaure.
Menkaure is severely damaged.
Menkaure hits you!
* * * LOW HITPOINT WARNING * * *
You barely miss Menkaure.
Menkaure is severely damaged.
Menkaure barely misses you.
It was a potion of mutation.
You feel extremely strange.
You feel a strange attunement to the structure of the dungeons.
You feel genetically stable. Menkaure hits you!
You die...

#......# #.###.# #.# ##.## #.#
.#.....# #.###.###.###...###∩#
##.....# #.........##........#
#.....# ####..#####.......### #
#.....######...####...[.....####
##.................'.........'...
.....########...####.........####
.##### ##.M.# ##.......## # .#
##.#.@#####.....## .# ##(###.<.#
##...## .# ##.## ##..# ##'## .#
#...###...# #.# .#
#.##.#..#######.######## .#
#.###...# #............ .# #.#
#.#.####.#...######. .# #.#
#.............##.... ## #.#
###.####.#...###.##.


You could see Menkaure (fast).

Vanquished Creatures
  Pikel (D:3)
  Eustachio (D:4)
  An ice beast (D:5)
  A black bear (D:4)
  An ogre (D:4)
  A gnoll sergeant (D:5)
  A hound (D:4)
  A jelly (D:4)
  A bullfrog skeleton (D:4)
  2 iguanas (D:4)
  3 gnolls (D:5)
  7 adders
  3 river rats (Sewer)
  2 dart slugs
  5 orcs
  13 endoplasms
  8 giant cockroaches
  13 goblins
  6 hobgoblins
  10 jackals
  4 kobolds
  5 quokkas
  13 ball pythons
  7 bats
  7 frilled lizards
  11 rats
128 creatures vanquished.

Vanquished Creatures (others)
  A fungus (D:1)
1 creature vanquished.

Grand Total: 129 creatures vanquished

Notes
Turn   | Place    | Note
-------+----------+-------------------------------------------
     0 | D:5      | Elvor the Gargoyle Delver began the quest for the Orb.
     0 | D:5      | Reached XP level 1. HP: 14/14 MP: 1/1
   132 | D:5      | Noticed an ogre
   149 | D:5      | Found Ovapsiux's Antique Armour Emporium.
   150 | D:5      | Identified the ring "Raguc" {rC+ Will+ AC+4 Str+2}
   214 | D:5      | Noticed an ice beast
   265 | D:5      | Noticed a howler monkey
   459 | D:5      | Found Ygopret's Book Emporium.
   471 | D:5      | Noticed a gnoll sergeant
   543 | D:4      | Reached skill level 6 in Stealth
   543 | D:4      | Reached XP level 2. HP: 19/19 MP: 2/2
   545 | D:4      | Learned a level 1 spell: Magic Dart
   593 | D:4      | Found a hide-covered altar of Uskayaw.
   857 | D:4      | Noticed Pikel
   857 | D:4      | Noticed a lemure
   857 | D:4      | Noticed a lemure
   857 | D:4      | Noticed a lemure
   925 | D:3      | Reached XP level 3. HP: 23/23 MP: 1/3
  1090 | D:3      | Found a glowing drain.
  1094 | Sewer    | Entered a sewer
  1125 | Sewer    | Reached XP level 4. HP: 26/28 MP: 1/4
  1618 | D:3      | Found an ancient bone altar of Kikubaaqudgha.
  1768 | D:3      | Reached XP level 5. HP: 31/33 MP: 1/5
  1894 | D:3      | Found a sacrificial altar of Ru.
  2476 | D:1      | Reached skill level 1 in Conjurations
  2614 | D:1      | Found a faded altar of an unknown god.
  3051 | D:1      | Reached skill level 1 in Spellcasting
  3857 | D:3      | Killed Pikel
  3858 | D:3      | Reached XP level 6. HP: 11/39 MP: 4/8
  3858 | D:3      | Reached XP level 7. HP: 12/44 MP: 4/9
  4407 | D:4      | Reached skill level 5 in Maces & Flails
  4407 | D:4      | Reached XP level 8. HP: 47/48 MP: 10/10
  4669 | D:4      | Noticed Eustachio
  4779 | D:4      | Killed Eustachio
  4780 | D:4      | Reached skill level 1 in Throwing
  5006 | D:5      | Reached skill level 5 in Fighting
  5116 | D:5      | Found Yvvount's Antique Armour Shop.
  5206 | D:5      | Noticed Menkaure
  5498 | D:5      | Gained mutation: You passively map a small area around you.
                  | [potion of mutation]
  5498 | D:5      | Gained mutation: You are somewhat resistant to further
                  | mutation. [potion of mutation]
  5498 | D:5      | Mangled by Menkaure

Illustrated notes

Levels and vault maps discovered:
D:1:      dpeg_cavernosity, layout_basic, hellmonk_ecumenical_altar_blasted
D:2:      layout_basic, serial_rivers, chequers_serial_rivers_small_3,
          chequers_serial_rivers_marsh, chequers_serial_rivers_room_a,
          chequers_serial_rivers_large_a, chequers_serial_rivers_micro_b,
          chequers_serial_rivers_room_a
D:3:      layout_loops_ring, mainiacjoe_overflow_boulevard,
          nicolae_ru_awakened_eye, gup_sewer_entry_spiral
D:4:      layout_basic, eat_drink_and_be_merry_uskayaw, uniq_eustachio,
          uniq_pikel
D:5:      layout_loops_corners, serial_shops, kennysheep_little_box,
          shop_fountains, shop, shop, uniq_menkaure

Skill      XL: |  1  2  3  4  5  6  7  8 |
---------------+-------------------------+-----
Stealth        | 6 |  6.8
Dodging        | 2 3 |  3.6
Maces & Flails | 4 5 |  5.6
Fighting       | 4 5 |  5.0
Conjurations   | 2 |  2.2
Spellcasting   | 1 |  1.8
Armour         | 3 4 |  4.2
Throwing       | 2 |  2.1

Action                   |  1- 3 |  4- 6 |  7- 9 || total
-------------------------+-------+-------+-------++-------
Melee: Mace              |    78 |   243 |       ||   321
       Whip              |       |       |   172 ||   172
Throw: Stone             |    12 |    30 |     2 ||    44
       Dart              |       |       |    46 ||    46
 Cast: Magic Dart        |     8 |    86 |    22 ||   116
  Use: Scroll            |     1 |       |     1 ||     2
       Potion            |       |     5 |     1 ||     6
 Stab: Sleeping          |     1 |    11 |       ||    12
Armor: Leather armour    |    43 |   102 |   115 ||   260
Dodge: Dodged            |    52 |   130 |   145 ||   327
